 Dungeon Crawl Stone Soup version 0.30-a0-639-g3916f1956a (webtiles) character file.

Game seed: 6735367980415056642

3010 pokeman the Thaumaturge (level 9, 0/48 HPs)
             Began as a Deep Elf Hedge Wizard on Jan 16, 2023.
             Was a Follower of Vehumet.
             Killed from afar by a manticore (14 damage)
             ... with a volley of spikes
             ... on level 8 of the Dungeon.
             The game lasted 00:20:08 (7588 turns).

pokeman the Thaumaturge (Deep Elf Hedge Wizard)     Turns: 7588, Time: 00:20:08

Health: 0/48       AC:  8    Str:  7    XL:     9   Next: 55%
Magic:  11/26      EV: 12    Int: 28    God:    Vehumet [*.....]
Gold:   346        SH:  0    Dex: 14    Spells: 22/30 levels left

rFire   + . .      SeeInvis .    x - +7 spear "Bepuijy" {venom, Fly Int+4 Stlth+}
rCold   . . .      Faith    .    (no shield)
rNeg    . . .      Spirit   .    H - +2 leather armour {rF+}
rPois   .          Reflect  .    s - +0 helmet
rElec   .          Harm     .    k - scarf {repulsion}
rCorr   .          Rampage  .    o - +0 pair of gloves
Will    .....                    C - +0 pair of boots
Stlth   +++                      (no amulet)
HPRegen 0.28/turn                (no ring)
MPRegen 0.20/turn                (no ring)

@: spiked, flying, very slightly contaminated, repel missiles
A: no striking features
a: Renounce Religion


You were on level 8 of the Dungeon.
You worshipped Vehumet.
Vehumet was aware of your devotion.
You visited 2 branches of the dungeon, and saw 9 of its levels.

You collected 346 gold pieces.

Inventory:

Hand Weapons
 x - the +7 spear "Bepuijy" (weapon) {venom, Fly Int+4 Stlth+}
   (You found it on level 3 of the Dungeon)

   Int:       It affects your intelligence (+4).
   Fly:       It grants you flight.
   Stlth:     It makes you more stealthy.
 z - the +9 long sword "Yrchirhi" {heavy, Str+2 SInv}
   (You found it on level 4 of the Dungeon)

   Str:       It affects your strength (+2).
   SInv:      It lets you see invisible.
Armour
 k - a scarf of repulsion (worn)
 o - a +0 pair of gloves (worn)
 s - a +0 helmet (worn)
 C - a +0 pair of boots (worn)
 G - a +2 robe of willpower
 H - a +2 leather armour of fire resistance (worn)
 K - the +2 robe of Perfidy {-Tele Dex-3 Slay+4 Archmagi}
   (You found it on level 7 of the Dungeon)

   Dex:       It affects your dexterity (-3).
   Slay:      It affects your accuracy & damage with ranged weapons and melee
   (+4).
   -Tele:     It prevents most forms of teleportation.
   Archmagi:  It increases the power of your magical spells.
Magical Staves
 a - a staff of air
 c - a staff of fire
 y - a staff of earth
Jewellery
 b - an amulet of faith
Wands
 f - a wand of polymorph (8)
 B - a wand of iceblast (9)
 I - a wand of charming (13)
Scrolls
 g - 10 scrolls of identify {unknown}
 h - a scroll of fear {unknown}
 i - 2 scrolls of poison {unknown}
 m - a scroll of magic mapping {unknown}
 n - 2 scrolls of blinking {unknown}
 r - 2 scrolls of butterflies {unknown}
 u - 2 scrolls of immolation {unknown}
 E - a scroll of enchant weapon {unknown}
 F - a scroll of vulnerability {unknown}
 L - a scroll of noise {unknown}
 N - a scroll of fog {unknown}
Potions
 d - 2 potions of magic
 e - 2 potions of degeneration {unknown}
 j - a potion of might {unknown}
 l - a potion of resistance {unknown}
 p - 6 potions of haste {unknown}
 q - 2 potions of lignification {unknown}
 t - 2 potions of mutation {unknown}
 v - a potion of heal wounds {unknown}
 w - a potion of attraction {unknown}
 A - a potion of invisibility {unknown}
 D - 2 potions of brilliance {unknown}
 J - a potion of ambrosia {unknown}
 M - a potion of curing {unknown}


   Skills:
 - Level 2.1 Fighting
 + Level 3.1 Armour
 - Level 3.0 Dodging
 - Level 4.0 Stealth
 * Level 11.4 Spellcasting
 + Level 6.2 Conjurations
 + Level 4.6 Summonings
 - Level 1.1 Translocations
 + Level 4.8 Fire Magic
 - Level 1.0 Air Magic
 - Level 1.1 Earth Magic
 - Level 1.0 Poison Magic
 - Level 1.1 Evocations


You had 22 spell levels left.
You knew the following spells:

 Your Spells              Type           Power      Damage    Failure   Level
a - Magic Dart            Conj           100%       1d8       1%          1
b - Mephitic Cloud        Conj/Pois/Air  31%        N/A       4%          3
c - Call Imp              Summ           41%        N/A       1%          2
d - Blink                 Tloc           44%        N/A       4%          2

Your spell library contained the following spells:

 Spells                   Type           Power      Damage    Failure   Level
 Kiss of Death            Conj/Necr      100%       2d13      1%          1
 Slow                     Hex            60%        N/A       4%          1
 Inner Flame              Hex/Fire       29%        N/A       5%          3
 Cigotuvi's Dreadful Rot  Necr/Pois/Air  38%        N/A       6%          2
 Passwall                 Tmut/Erth      15%        N/A       6%          2
 Ensorcelled Hibernation  Hex/Ice        30%        N/A       8%          2
 Swiftness                Air            21%        N/A       10%         3
 Cause Fear               Hex            7%         N/A       45%         4
 Discord                  Hex            7%         N/A       100%        8


Dungeon Overview and Level Annotations

Branches:
Dungeon (7/15)             Temple (1/1) D:6

Altars:
Dithmenos
Hepliaklqana
Makhleb
Okawaru
Qazlal
Ru
Uskayaw
Vehumet
Wu Jian
Xom
Yredelemnul

Shops:
D:5 :


Message History

Vehumet accepts your kill. The acid dragon closely misses you.
The acid dragon barely misses you.
The sky beast hits the acid dragon but does no damage.
Aiming: Polymorph
Press: ? - help, Shift-Dir - straight line, f/p - acid dragon
Aim: an acid dragon (will become a manticore, a sky beast, or a fire bat, chance to affect: 51%)
The acid dragon resists with significant effort.
You feel sick. The acid dragon spits acid at you. The splash of acid hits you!
* * * LOW HITPOINT WARNING * * *
Casting: Mephitic Cloud (dangerous; 4% risk of failure)
Confirm with . or Enter, or press ? or * to list all spells.
You blink.
You feel sick.
You are no longer poisoned.
Casting: Blink (safe; 4% risk of failure)
Confirm with . or Enter, or press ? or * to list all spells.
Aiming: Mephitic Cloud (dangerous; 4% risk of failure)
Press: ? - help, Shift-Dir - straight line, p - acid dragon
Okay, then.
Unknown command.
The sky beast seems less confused.
Aiming: Polymorph
Press: ? - help, Shift-Dir - straight line, f/p - acid dragon
Aim: an acid dragon (will become a manticore, a sky beast, or a fire bat, chance to affect: 51%)
The acid dragon evaporates and reforms as a manticore!
You feel stable enough to blink again. The sky beast closely misses you.
Casting: Mephitic Cloud (dangerous; 4% risk of failure)
Confirm with . or Enter, or press ? or * to list all spells.
Aiming: Mephitic Cloud (dangerous; 4% risk of failure)
Press: ? - help, Shift-Dir - straight line, f/p - manticore
Aim: a manticore (chance to affect: 58%)
You miscast Mephitic Cloud.
You are very lightly contaminated with residual magic.
Nothing appears to happen.
The manticore flicks its tail.
The volley of spikes hits you!
The barbed spikes become lodged in your body.
You die...

#
.#.#############
.!...........Y@#
...............#
...)....>..H...#
....†..)...g...#
......))†......#
........†......#
[...#####)####.#
... #..)....#.#
.. #.......#.#


You could see a manticore, a sky beast and a gnoll (confused).

Vanquished Creatures
  Pikel (D:5)
  Eustachio (D:5)
  Edmund (D:6)
  A black bear (D:5)
  4 lemures (D:5)
  A phantom (D:5)
  Blork the orc (D:6)
  3 bullfrogs
  A gnoll sergeant (D:6)
  2 scorpions (D:6)
  8 killer bees
  A howler monkey (D:5)
  2 gnoll boudas
  2 jellies
  An orc priest (D:6)
  4 hounds
  4 iguanas
  Ijyb (D:4)
  7 orc wizards
  Robin (D:2)
  15 gnolls
  12 adders
  2 shadow imps
  A white imp (D:5)
  A worm (D:2)
  A dart slug (D:3)
  20 orcs
  6 ball pythons
  8 endoplasms
  3 giant cockroaches
  18 goblins
  6 hobgoblins
  2 quokkas
  7 bats
  2 frilled lizards
  13 kobolds
  5 rats
169 creatures vanquished.

Vanquished Creatures (collateral kills)
  Grinder (D:3)
  A bullfrog (D:8)
  A killer bee (D:8)
  A jelly (D:4)
  3 gnolls
  An endoplasm (D:4)
  A hobgoblin (D:3)
9 creatures vanquished.

Vanquished Creatures (others)
  A killer bee (D:8)
  5 fungi (D:4)
  13 plants (D:5)
  5 toadstools (D:4)
24 creatures vanquished.

Grand Total: 202 creatures vanquished

Notes
Turn   | Place    | Note
-------+----------+-------------------------------------------
     0 | D:1      | pokeman the Deep Elf Hedge Wizard began the quest for the
                  | Orb.
     0 | D:1      | Reached XP level 1. HP: 10/10 MP: 7/7
   385 | D:1      | Reached XP level 2. HP: 15/15 MP: 4/9
  1308 | D:2      | Reached skill level 5 in Spellcasting
  1404 | D:2      | Reached XP level 3. HP: 17/20 MP: 7/11
  1408 | D:2      | Learned a level 3 spell: Mephitic Cloud
  1411 | D:2      | Learned a level 2 spell: Call Imp
  1414 | D:2      | Learned a level 2 spell: Blink
  1640 | D:2      | Reached skill level 1 in Fighting
  1986 | D:2      | Reached skill level 1 in Armour
  1997 | D:2      | Reached XP level 4. HP: 21/25 MP: 1/13
  2517 | D:2      | Reached skill level 6 in Spellcasting
  2517 | D:2      | Reached XP level 5. HP: 22/29 MP: 3/15
  2592 | D:3      | Noticed Robin
  2617 | D:2      | Killed Robin
  2927 | D:3      | Found a shimmering altar of Xom.
  3311 | D:3      | Noticed Grinder
  3341 | D:3      | Killed Grinder
  3342 | D:3      | Reached skill level 7 in Spellcasting
  3342 | D:3      | Reached skill level 1 in Fire Magic
  3342 | D:3      | Reached XP level 6. HP: 22/34 MP: 9/18
  3795 | D:3      | Identified the +7 spear "Bepuijy" {venom, Fly Int+4 Stlth+}
  4095 | D:4      | Noticed Ijyb
  4107 | D:4      | Killed Ijyb
  4163 | D:4      | Reached skill level 1 in Air Magic
  4163 | D:4      | Reached XP level 7. HP: 34/38 MP: 13/20
  4315 | D:4      | Identified the +9 long sword "Yrchirhi" {heavy, Str+2 SInv}
  4544 | D:4      | Reached skill level 1 in Poison Magic
  4908 | D:4      | Reached skill level 8 in Spellcasting
  4908 | D:4      | Reached skill level 1 in Earth Magic
  5019 | D:5      | Entered Level 5 of the Dungeon
  5044 | D:5      | Reached skill level 1 in Evocations
  5452 | D:5      | Noticed Pikel
  5460 | D:5      | Killed Pikel
  5461 | D:5      | Reached skill level 9 in Spellcasting
  5461 | D:5      | Reached XP level 8. HP: 44/44 MP: 19/23
  5707 | D:5      | Found an iron altar of Okawaru.
  5745 | D:5      | Noticed Eustachio
  5756 | D:5      | Killed Eustachio
  5757 | D:5      | Reached skill level 5 in Conjurations
  5803 | D:5      | Found Conoeps's Tremendous Tomes.
  6081 | D:6      | Reached skill level 10 in Spellcasting
  6339 | D:6      | Noticed Blork the orc
  6352 | D:6      | Killed Blork the orc
  6354 | D:6      | Noticed Edmund
  6381 | D:6      | Killed Edmund
  6382 | D:6      | Reached XP level 9. HP: 44/48 MP: 14/25
  6648 | D:6      | Found a staircase to the Ecumenical Temple.
  6657 | Temple   | Entered the Ecumenical Temple
  6691 | Temple   | Became a worshipper of Vehumet
  7285 | D:7      | Identified the +2 robe of Perfidy {-Tele Dex-3 Slay+4
                  | Archmagi}
  7348 | D:7      | Reached skill level 11 in Spellcasting
  7379 | D:7      | You are sucked into a shaft and drop 1 floor!
  7528 | D:8      | Found a hide-covered altar of Uskayaw.
  7556 | D:8      | Reached * piety under Vehumet
  7556 | D:8      | Offered knowledge of Kiss of Death by Vehumet.
  7587 | D:8      | an acid dragon changed into a manticore
  7587 | D:8      | Noticed a manticore
  7588 | D:8      | Killed from afar by a manticore

Illustrated notes

Levels and vault maps discovered:
D:1:      denvon_arrival_planthouse, layout_basic, serial_rivers,
          chequers_serial_rivers_room_b, chequers_serial_rivers_micro_d,
          chequers_serial_rivers_small_3, chequers_serial_rivers_room_a
D:2:      layout_basic, minmay_misc_feat_room, minmay_pentomino_w2
D:3:      layout_basic, lemuel_doored_altar, uniq_robin, uniq_grinder
D:4:      cheibrodos_fertilizer, layout_loops_ring, fountainhead,
          abandoned_shop, uniq_ijyb
D:5:      layout_cave_pools, okawaru_altar_gauntlet_db,
          nicolae_shop_i_like_big_books, guppyfry_early_lair_pool, uniq_pikel,
          uniq_eustachio
D:6:      layout_basic, minmay_temple_entry_sparse_star, uniq_edmund,
          uniq_blork_the_orc
D:7:      layout_layer_cave, due_unseen_surprise
D:8:      layout_basic, nicolae_uskayaw_murder_on_the_dancefloor, serial_shops,
          nicolae_shop_crystal, hangedman_decor_points
Temple:   hc_temple_tempest_star

Skill      XL: |  1  2  3  4  5  6  7  8  9 |
---------------+----------------------------+-----
Spellcasting   | 5 6 7 9 10 11 | 11.4
Fighting       | 1 2 |  2.1
Armour         | 1 2 3 |  3.1
Conjurations   | 2 3 4 5 6 |  6.2
Dodging        | 3 |  3.0
Stealth        | 3 4 |  4.0
Fire Magic     | 1 3 4 |  4.8
Air Magic      | 1 |  1.0
Poison Magic   | 1 |  1.0
Earth Magic    | 1 |  1.1
Evocations     | 1 |  1.1
Summonings     | 2 3 4 |  4.6
Translocations | |  1.1

Action                   |  1- 3 |  4- 6 |  7- 9 || total
-------------------------+-------+-------+-------++-------
Melee: Dagger            |    13 |    24 |       ||    37
       Spear             |       |     9 |   156 ||   165
       Punch             |       |       |     2 ||     2
       Long sword        |       |       |     4 ||     4
 Cast: Magic Dart        |    72 |   116 |   168 ||   356
       Call Imp          |     2 |     4 |     3 ||     9
       Mephitic Cloud    |     1 |     6 |    28 ||    35
       Blink             |       |       |     2 ||     2
Evoke: Wand              |       |       |     3 ||     3
 Stab: Sleeping          |     1 |       |     1 ||     2
       Confused          |     1 |     1 |    12 ||    14
       Distracted        |       |     1 |       ||     1
Armor: Robe              |     9 |    12 |    15 ||    36
       Leather armour    |       |       |    17 ||    17
Dodge: Dodged            |    21 |    54 |    72 ||   147

Table legend: (Time is in decaauts)
 A = Elapsed time spent in this place.
 B = Non-inter-level travel time spent in this place.
 C = Inter-level travel time spent in this place.
 D = Time resting spent in this place.
 E = Time spent auto-exploring this place.
 F = Levels seen in this place.
 G = Mean time per level.
                   A        B        C        D        E       F      G
               +--------+--------+--------+--------+--------+-----+--------+
         Total |   7611 |   7497 |    114 |    600 |   5661 |   9 |  845.7 |
       Dungeon |   7564 |   7461 |    103 |    600 |   5639 |   8 |  945.5 |
        Temple |     46 |     35 |     11 |      0 |     22 |   1 |   46.0 |
               +--------+--------+--------+--------+--------+-----+--------+

Top non-repeatable levels by time:
     D:2: 1362 daAuts
     D:3: 1325 daAuts
     D:1: 1229 daAuts
     D:4: 1110 daAuts
     D:6: 1094 daAuts
     D:5: 1025 daAuts
     D:8: 210 daAuts
     D:7: 205 daAuts
  Temple: 46 daAuts
